 Dungeon Sprint DCSS version 0.21.2 (webtiles) character file.

14 Fang the Skirmisher (level 2, 0/30 HPs)
             Began as a Gargoyle Berserker on Jan 23, 2019.
             Was a Believer of Trog.
             Slain by a jackal (1 damage)
             ... while paralysed by a floating eye
             ... in the Dungeon (Sprint VII: "The Pits").
             The game lasted 00:00:22 (264 turns).

Fang the Skirmisher (Gargoyle Berserker)             Turns: 264, Time: 00:00:22

Health: 0/30       AC:  5    Str: 25    XL:     2   Next: 41%
Magic:  2/2        EV:  2    Int:  7    God:    Trog [**....]
Gold:   0          SH:  0    Dex:  9    Spells: 1/1 levels left

rFire    . . .     SeeInvis .   j - +2 hand axe
rCold    . . .     Gourm    .   (no shield)
rNeg     + . .     Faith    .   b - +0 animal skin
rPois    ∞         Spirit   .   (no helmet)
rElec    +         Reflect  .   (no cloak)
rCorr    .         Harm     .   (no gloves)
MR       .....     NoTele   +   (no boots)
Stlth    ..........             (no amulet)
HPRegen  0.10/turn              (no ring)
MPRegen  0.08/turn              (no ring)

@: paralysed, berserking
A: negative energy resistance 1, electricity resistance, unbreathing,
petrification resistance, rot immunity, AC +2
a: Berserk, Trog's Hand, Burn Spellbooks, Renounce Religion


You were in the Dungeon.
You worshipped Trog.
Trog was pleased with you.
You were not hungry.

You visited 1 branch

Inventory:

Hand Weapons
 j - a +2 hand axe (weapon)
Armour
 b - a +0 animal skin (worn)
Scrolls
 i - a scroll of blinking
 k - 3 scrolls of remove curse
 l - a scroll of summoning
Potions
 a - 2 potions of invisibility
 d - a potion of curing
 e - a potion of heal wounds
 f - a potion of haste
 g - 4 potions of magic
 h - 3 potions of berserk rage
Comestibles
 c - 9 rations


   Skills:
 + Level 4.7 Fighting
 + Level 3.7 Axes
 + Level 2.6 Armour
 + Level 2.0 Dodging


You had one spell level left.
You didn't know any spells.

Dungeon Overview and Level Annotations

Branches:
Dungeon (1/1)

Altars:


Innate Abilities, Weirdness & Mutations

You are resistant to torment.
Your stone body is resilient. (AC +2)
You are immune to poison.
You resist negative energy. (rN+)
You are resistant to electric shocks. (rElec)
You can survive without breathing.
You are immune to petrification.
You are immune to rotting.


Message History

* * * LOW HITPOINT WARNING * * *
The floating eye gazes piercingly through you!
You shrug off the repeated paralysis!
You hit the jackal.
The jackal is severely wounded.
You miss the jackal.
The jackal bites you but does no damage.
The jackal bites you.
* * * LOW HITPOINT WARNING * * *
The floating eye's stare focuses on you.
The jackal closely misses you. x2
A red film seems to cover your vision as you go berserk!
You feel yourself moving faster!
You feel mighty!
You feel a lot more hungry. The jackal misses you.
The jackal closely misses you.
The floating eye gazes piercingly through you!
You suddenly lose the ability to move!
The jackal bites you.
* * * LOW HITPOINT WARNING * * *
The jackal bites you.
You die...

##########+
##########+##..........
#.?(.')))'.##......#..#
##########.##..........
#......(..†.'..........
#+#####'#####......#..#
#.G#h)# #..........
#.hh@.# ####'#####+
#.G#### #.......# #.
#.......# # #.......#
#...<...# #.......#
#.......# #.......#
#########


You could see 2 floating eyes and 3 jackals.

Vanquished Creatures
  A gnoll (D)
  A jackal (D)
  A quokka (D)
  A kobold (D)
4 creatures vanquished.

Notes
Turn   | Place    | Note
-------+----------+-------------------------------------------
     0 | D        | Fang the Gargoyle Berserker began the quest for the Orb.
     0 | D        | Reached XP level 1. HP: 14/14 MP: 1/1
    58 | D        | Reached ** piety under Trog
    58 | D        | Reached skill level 4 in Fighting
    58 | D        | Reached XP level 2. HP: 8/20 MP: 2/2
   246 | D        | Noticed a floating eye
   246 | D        | Noticed a floating eye
   247 | D        | Paralysed by a floating eye for 4 turns
   254 | D        | Paralysed by a floating eye for 3 turns
   258 | D        | Paralysed by a floating eye for 2 turns
   262 | D        | HP: 1/20 [jackal (3)]
   263 | D        | Paralysed by a floating eye for 4 turns
   264 | D        | Slain by a jackal

Skill      XL: |  1 |
---------------+----+-----
Axes           | 3 |  3.7
Fighting       | 4 |  4.7
Dodging        | 2 |  2.0
Armour         | |  2.6

Action                   || total
-------------------------++-------
Melee: Hand axe          ||    19
Invok: Berserk           ||     1
Armor: Animal skin       ||    16
Dodge: Dodged            ||    27
